 Dungeon Crawl Stone Soup version 0.27-b1-41-gafb5482f4b (webtiles) character file.

Game seed: 3987068666497597707

2205 Brandom the Chucker (level 8, -3/67 (71) HPs)
             Began as a Demigod Hunter on July 28, 2021.
             Killed from afar by Dowan (12 damage)
             ... with a stone arrow
             ... on level 6 of the Dungeon.
             The game lasted 00:15:46 (7491 turns).

Brandom the Chucker (Demigod Hunter)                Turns: 7491, Time: 00:15:46

HP:   -3/67 (71)    AC:  3    Str: 21    XL:     8   Next: 89%
MP:   10/10         EV: 14    Int: 13    God:
Gold: 403           SH:  0    Dex: 14    Spells: 7/7 levels left

rFire    . . .     SeeInvis .   j - +2 dagger (elec)
rCold    . . .     Faith    .   (no shield)
rNeg     . . .     Spirit   .   b - +0 leather armour
rPois    .         Reflect  .   (no helmet)
rElec    .         Harm     .   (no cloak)
rCorr    .         Rampage  .   (no gloves)
Will     .....                  (no boots)
Stlth    +.........             e - amulet of magic regeneration
HPRegen  0.21/turn              o - +4 ring of slaying
MPRegen  0.37/turn              (no ring)

@: hasted, drained, very quick
A: high mp 1, forlorn
a: no special abilities


You were on level 6 of the Dungeon.
You visited 1 branch of the dungeon, and saw 7 of its levels.

You collected 403 gold pieces.

Inventory:

Hand Weapons
 a - a +0 short sword
 j - a +2 dagger of electrocution (weapon)
   (You found it on level 1 of the Dungeon)
Missiles
 d - a throwing net {!f}
 i - 41 poisoned darts (quivered)
Armour
 b - a +0 leather armour (worn)
 t - a +0 kite shield
   (You found it on level 6 of the Dungeon)
Jewellery
 e - an amulet of magic regeneration (around neck)
   (You found it on level 3 of the Dungeon)
 o - a +4 ring of slaying (left hand)
   (You found it on level 3 of the Dungeon)
 x - a +4 ring of evasion
   (You found it on level 6 of the Dungeon)
Wands
 v - a wand of digging (7)
   (You took it off Sigmund on level 4 of the Dungeon)
Scrolls
 h - a scroll of magic mapping {unknown}
 k - a scroll of fog {unknown}
 m - a scroll of enchant weapon {unknown}
 n - 4 scrolls of teleportation {@r4}
 p - a scroll of identify {unknown}
 q - a scroll of amnesia {unknown}
 r - 2 scrolls of fear {unknown}
 y - a scroll of blinking {unknown}
 z - a scroll of immolation {unknown}
Potions
 f - a potion of ambrosia {unknown}
 g - 2 potions of haste {@q3}
 l - a potion of brilliance {unknown}
 s - a potion of might {unknown}
 u - a potion of curing {unknown}
 w - a potion of berserk rage {unknown}


   Skills:
 + Level 6.5 Fighting
 + Level 7.3 Throwing
 + Level 6.5 Dodging
 - Level 0.8 Stealth
 + Level 1.3 Shields


You had 7 spell levels left.
You didn't know any spells.
Your spell library contained the following spells:

 Spells                   Type           Power      Damage    Failure   Level
 Blink                    Tloc           N/A        N/A       47%         2
 Passwall                 Tmut/Erth      0%         N/A       47%         2
 Slow                     Hex            0%         N/A       47%         2
 Confusing Touch          Hex            0%         N/A       71%         3
 Lesser Beckoning         Tloc           0%         N/A       71%         3
 Swiftness                Air            0%         N/A       71%         3
 Vampiric Draining        Necr           0%         2d6       71%         3
 Manifold Assault         Tloc           0%         N/A       100%        5
 Invisibility             Hex            0%         N/A       100%        6


Dungeon Overview and Level Annotations

Branches:
Dungeon (7/15)             Temple (0/1) D:6

Shops:
D:5 :

Annotations:
D:6 2 transporters, Dowan


Innate Abilities, Weirdness & Mutations

Your attributes grow dramatically as you level up.
You have an increased reservoir of magic. (+10% MP)
You shall have no god before yourself.


Message History

Dowan casts a spell at Duvessa.
Duvessa seems to speed up.
Really fire
d - a throwing net {!f}? [Y]es or [N]o only, please.
Really fire
d - a throwing net {!f}?
Throw: 46 darts (poison)
Aim: Dowan, wielding a +0 dagger and wearing a +0 robe (fast, 61% to hit)
You throw a poisoned dart.
The poisoned dart barely misses Duvessa.
The poisoned dart closely misses Dowan.
Duvessa hits you with a +0 short sword!
Unknown command.
Throw: 45 darts (poison)
Aim: Dowan, wielding a +0 dagger and wearing a +0 robe (fast, 61% to hit)
You throw a poisoned dart. The poisoned dart hits Duvessa!
Duvessa is poisoned.
Duvessa hits you with a +0 short sword.
Throw: 44 darts (poison)
Aim: Dowan, wielding a +0 dagger and wearing a +0 robe (fast, 61% to hit)
You throw a poisoned dart.
The poisoned dart closely misses Duvessa.
The poisoned dart hits Dowan!
Dowan is poisoned.
Duvessa hits you with a +0 short sword.
Throw: 43 darts (poison)
Aim: Dowan, wielding a +0 dagger and wearing a +0 robe (fast, very poisoned, 61% to hit)
You throw a poisoned dart. The poisoned dart hits Duvessa!
Duvessa looks as sick as possible!
Duvessa hits you with a +0 short sword!
* * * LOW HITPOINT WARNING * * *
Unknown command.
Throw: 42 darts (poison)
Aim: Dowan, wielding a +0 dagger and wearing a +0 robe (lightly wounded, fast, very poisoned, 61% to hit)
You throw a poisoned dart. The poisoned dart hits Duvessa!
Duvessa looks as sick as possible!
Duvessa misses you.
Unknown command.
You hit Duvessa. Duvessa hits you with a +0 short sword!
* * * LOW HITPOINT WARNING * * *
Duvessa closely misses you.
Unknown command.
You hit Duvessa. Duvessa hits you with a +0 short sword!
* * * LOW HITPOINT WARNING * * *
Unknown command.
Unknown command.
You feel yourself speed up.
You kill Duvessa!
Dowan seems overcome with grief, but rights himself reflexively soon after.
Dowan seems to find hidden reserves of power!
Dowan points at you and mumbles some strange words.
The stone arrow hits you!
You die...

P.©.P8#...................#
././.P#..##.######........# #
##+####..##.### #.......## #
≈...≈K#..##...# #........#######
≈...≈.#..####.## #...............
≈≈P≈≈K#..# #..###.(....#######..
≈≈⌠≈≈o#..# ##..e#......# #..#
≈≈≈≈≈5#..# ###>#......## ###...
≈...≈5#..## #@##......###.....
≈...≈o#...#### #.........<...#...
##+####......###.....#...........
.[.[$≈#..###.....###.#...........
P$©$P8#..........................
#######......................####
..©...............#..........# #
....#.##..........#..........## #
..................#...........# #


You could see Dowan (fast, very poisoned).

Vanquished Creatures
  A boulder beetle (D:6)
  Sigmund (D:4)
  2 wyverns (D:5)
  Duvessa (D:6)
  A sky beast (D:5)
  A necrophage (D:4)
  An ogre (D:5)
  A water moccasin zombie (D:5)
  A wyvern skeleton (D:5)
  5 wights
  3 hounds
  2 jellies
  An orc priest (D:4)
  A bullfrog skeleton (D:5)
  A centaur skeleton (D:6)
  Ijyb (D:4)
  13 adders
  4 gnolls (D:2)
  An adder skeleton (D:4)
  A dart slug (D:1)
  3 worms
  5 orcs
  9 ball pythons
  5 endoplasms
  4 giant cockroaches
  7 goblins
  4 hobgoblins
  5 jackals
  4 quokkas
  6 bats
  6 frilled lizards
  3 kobolds
  9 rats
113 creatures vanquished.

Vanquished Creatures (others)
  A fungus (D:3)
1 creature vanquished.

Grand Total: 114 creatures vanquished

Notes
Turn   | Place    | Note
-------+----------+-------------------------------------------
     0 | D:1      | Brandom the Demigod Hunter began the quest for the Orb.
     0 | D:1      | Reached XP level 1. HP: 17/17 MP: 3/3
   584 | D:1      | Reached XP level 2. HP: 24/24 MP: 4/4
  1499 | D:2      | Reached skill level 4 in Throwing
  1499 | D:2      | Reached XP level 3. HP: 11/30 MP: 5/5
  1898 | D:2      | Reached XP level 4. HP: 16/37 MP: 6/6
  3279 | D:3      | Reached XP level 5. HP: 37/45 MP: 7/7
  4300 | D:4      | Noticed an angel
  4502 | D:4      | Noticed Ijyb
  4526 | D:4      | Killed Ijyb
  4792 | D:4      | Noticed Sigmund
  4806 | D:4      | Killed Sigmund
  4807 | D:4      | Reached skill level 5 in Throwing
  4807 | D:4      | Reached XP level 6. HP: 8/52 MP: 8/8
  5180 | D:5      | Entered Level 5 of the Dungeon
  5213 | D:5      | Found Mukoch's Book Shoppe.
  5256 | D:5      | Noticed a wyvern
  5268 | D:5      | Killed a wyvern
  5269 | D:5      | Reached XP level 7. HP: 22/60 MP: 9/9
  5664 | D:5      | Noticed a wyvern
  5675 | D:5      | Killed a wyvern
  5781 | D:5      | Reached skill level 6 in Throwing
  5979 | D:5      | Reached skill level 5 in Fighting
  5979 | D:5      | Reached skill level 5 in Dodging
  6358 | D:6      | Found a transporter.
  6358 | D:6      | Noticed a boulder beetle
  6369 | D:6      | Killed a boulder beetle
  6370 | D:6      | Reached skill level 7 in Throwing
  6370 | D:6      | Reached XP level 8. HP: 70/70 MP: 10/10
  6395 | D:6      | Found a transporter.
  6472 | D:6      | Noticed a kobold demonologist
  6472 | D:6      | Noticed a kobold demonologist
  6563 | D:6      | Found a staircase to the Ecumenical Temple.
  6778 | D:5      | Reached skill level 1 in Shields
  7474 | D:7      | Noticed Duvessa
  7474 | D:7      | Noticed Dowan
  7491 | D:6      | Killed Duvessa
  7491 | D:6      | Killed from afar by Dowan

Illustrated notes

Levels and vault maps discovered:
D:1:      onia_arrival_mini_maze, layout_loops_ring, minmay_parallelograms,
          minmay_tall_x
D:2:      layout_loops_corners, minmay_indecisive_spiral
D:3:      minmay_chambers_of_twos, layout_basic, mainiacjoe_overflow_big_doors,
          shapermc_ecumenical_altar_petra, corner_web_ring,
          minmay_tree_intersection
D:4:      layout_gridville, zin_angel, uniq_sigmund, uniq_ijyb
D:5:      layout_basic, kennysheep_okawaru_gauntlet, serial_shops,
          nicolae_shop_stone
D:6:      gammafunk_wand_slinger, layout_rooms, minmay_temple_entry_slanted
D:7:      layout_basic, mainiacjoe_overflow_24_doors,
          amcnicky_mini_rare_corridor_liquid, minmay_splitting_lines,
          uniq_pikel, uniq_duvessa, uniq_menkaure

Skill      XL: |  1  2  3  4  5  6  7  8 |
---------------+-------------------------+-----
Fighting       | 2 3 4 6 |  6.5
Dodging        | 2 3 4 6 |  6.5
Throwing       | 4 5 7 |  7.3
Shields        | 1 |  1.3
Stealth        | |  0.8

Action                   |  1- 3 |  4- 6 |  7- 9 || total
-------------------------+-------+-------+-------++-------
Melee: Short sword       |    98 |       |       ||    98
       Dagger            |    33 |   155 |    85 ||   273
Throw: Javelin           |     6 |       |    11 ||    17
       Dart              |       |     2 |    21 ||    23
       Throwing net      |       |     1 |     1 ||     2
Evoke: Wand              |       |       |     5 ||     5
  Use: Potion            |       |     2 |     1 ||     3
       Scroll            |       |     1 |       ||     1
 Stab: Sleeping          |     4 |     3 |     1 ||     8
Armor: Leather armour    |    41 |    23 |    15 ||    79
Dodge: Dodged            |   100 |    86 |    70 ||   256
